AoeStats
← waltersfs97

Arabia

509906679Analyzed
2v2 RM · 3d ago on Sep 28, 2026· 54m 42s· 4 players
Game mode
Random Map
Map size
Medium (4 player)
Population
200
Speed
Normal
Resources
Standard
Victory
Conquest
Starting age
Dark Age
Ending age
Imperial Age
RankedLock teamsTeams togetherTeam positionsShared explorationLock speedFull tech treeHidden civsTurbo modeCheats
Victory
Defeat
🇺🇸 Varangians · United States
1192
+15
🇨🇳 Spanish · China
1165
+15
🇨🇳 Vietnamese · China
1167
-15
🇨🇳 Teutons · China
1155
-15
哈哈哈
8:20 Loom
10:36 Feudal Age
15:00 Double-Bit Axe
16:21 Horse Collar
20:34 Castle Age
20:04 Fletching
20:15 Padded Archer Armor
21:23 Pikeman
22:04 Squires
23:02 Forging
22:55 Scale Mail Armor
25:18 Stone Mining
25:58 Bow Saw
25:56 Heavy Plow
27:18 Stone Shaft Mining
28:52 Iron Casting
34:08 Imperial Age
33:19 Thumb Ring
32:35 Crossbowman
34:44 Bodkin Arrow
35:05 Leather Archer Armor
36:14 Bracer
36:19 Gold Mining
37:57 Wheelbarrow
38:42 Ballistics
39:23 Chemistry
38:39 Arbalester
40:14 Halberdier
42:28 Murder Holes
43:12 Crop Rotation
43:44 Two-Man Saw
43:34 Chain Mail Armor
47:04 Plate Mail Armor
46:53 Hand Cart
-路发888
2:23 Loom
12:17 Feudal Age
13:18 Double-Bit Axe
21:04 Castle Age
19:05 Horse Collar
20:09 Bloodlines
20:13 Gold Mining
20:58 Scale Barding Armor
22:13 Heavy Plow
24:50 Forging
25:51 Chain Barding Armor
27:35 Bow Saw
29:48 Wheelbarrow
29:51 Iron Casting
32:28 Hand Cart
33:49 Stone Mining
45:22 Imperial Age
44:24 Elite Skirmisher
45:19 Fletching
46:08 Bodkin Arrow
47:23 Padded Archer Armor
48:35 Two-Man Saw
47:32 Imperial Skirmisher
49:04 Leather Archer Armor
55:09 Squires
waltersfs97
9:44 Feudal Age
10:17 Town Watch
12:05 Horse Collar
12:11 Double-Bit Axe
17:01 Loom
19:41 Castle Age
17:52 Gold Mining
19:08 Forging
19:03 Scale Barding Armor
19:42 Bloodlines
20:40 Bow Saw
20:35 Heavy Plow
22:25 Husbandry
23:58 Wheelbarrow
23:59 Town Watch
25:02 Iron Casting
25:54 Chain Barding Armor
32:52 Hand Cart
32:38 Town Patrol
36:45 Imperial Age
33:55 Vendel Legacy
36:27 Squires
36:29 Scale Mail Armor
38:04 Conscription
38:24 Plate Barding Armor
38:49 Blast Furnace
37:29 Cavalier
39:24 Masonry
42:29 Man-at-Arms
42:49 Pikeman
46:55 Chain Mail Armor
49:01 Siege Engineers
52:06 Light Cavalry
黑色土狗
7:16 Loom
9:22 Feudal Age
15:20 Double-Bit Axe
15:18 Horse Collar
20:45 Castle Age
22:43 Bow Saw
23:11 Husbandry
23:21 Bloodlines
29:57 Fervor
32:14 Wheelbarrow
37:41 Imperial Age
36:39 Hand Cart
40:06 Conscription
39:26 Elite Conquistador
42:23 Hoardings
42:54 Man-at-Arms
43:19 Gambesons
43:35 Squires
43:21 Arson
44:23 Long Swordsman
44:59 Two-Handed Swordsman
45:50 Scale Mail Armor
46:01 Forging
46:22 Champion
46:49 Capped Ram
48:10 Siege Ram
51:47 Chemistry
51:08 Ballistics
Connection lost

Rejoining the realm…

Still unreachable

The connection could not be restored.

Session expired

The server has moved on; the page needs a fresh start.